 Dungeon Crawl Stone Soup version 0.29-a0-294-g83ea962da3 (webtiles) character file.

Game seed: 13726203796094065252

94 kae the Chopper (level 4, -10/61 HPs)
             Began as a Hill Orc Fighter on Mar 18, 2022.
             Killed by divine providence
             ... invoked by an orc priest
              (12 damage)
             ... on level 3 of the Dungeon.
             The game lasted 00:01:00 (1893 turns).

kae the Chopper (Hill Orc Fighter)                  Turns: 1893, Time: 00:01:01

Health: -10/61     AC: 22    Str: 20    XL:     4   Next: 63%
Magic:  4/4        EV:  2    Int:  8    God:
Gold:   1395       SH:  4    Dex: 10    Spells: 3/3 levels left

rFire   . . .      SeeInvis .   a - +1 war axe
rCold   . . .      Faith    .   c - +0 buckler
rNeg    . . .      Spirit   .   (body armour currently unavailable)
rPois   +          Reflect  .   (helmet currently unavailable)
rElec   .          Harm     .   (cloak currently unavailable)
rCorr   .          Rampage  .   (gloves currently unavailable)
Will    .....      NoTele   +   (boots currently unavailable)
Stlth   +.........              (no amulet)
HPRegen 0.20/turn               (no ring)
MPRegen 0.09/turn               (no ring)

@: tree-form, studying Maces & Flails
A: stationary, stasis, torment immunity, boosted hp
a: Convert to Beogh


You were on level 3 of the Dungeon.
You were a tree.
You visited 1 branch of the dungeon, and saw 3 of its levels.

You collected 1395 gold pieces.

Inventory:

Hand Weapons
 a - a +1 war axe (weapon)
Armour
 b - a +0 scale mail (melded)
 c - a +0 buckler (worn)
Jewellery
 f - a ring of ice
Wands
 j - a wand of iceblast (7)
Scrolls
 e - a scroll of teleportation
 i - 2 scrolls of fog
 k - 2 scrolls of identify
Potions
 d - a potion of might
 g - a potion of lignification
 l - a potion of haste


   Skills:
 + Level 4.6 Fighting
 * Level 5.3 Axes
 - Level 3.2 Armour
 - Level 3.2 Shields


You had 3 spell levels left.
You didn't know any spells.
Your spell library was empty.

Dungeon Overview and Level Annotations

Branches:
Dungeon (3/15)

Altars:
Trog

Shops:
D:1 :


Message History

The orc priest shouts, "Beogh is our master!
Accept the truth or die!"
The orc hits you but does no damage. The orc hits you with a +0 hand axe.
* * * LOW HITPOINT WARNING * * *
You hit the orc.
The orc is heavily wounded.
The orc priest shouts, "Join the one true god or die!"
The orc hits you but does no damage.
You hit the orc but do no damage.
The orc is heavily wounded.
You block the orc's attack.
You slash the orc!
You kill the orc!
You hit the giant cockroach.
The giant cockroach is moderately wounded.
The giant cockroach bites you but does no damage. x2
You barely miss the giant cockroach.
The giant cockroach is moderately wounded.
You block the giant cockroach's attack.
The orc priest calls down the wrath of Beogh upon you.
Beogh smites you!
* * * LOW HITPOINT WARNING * * *
You closely miss the giant cockroach.
The giant cockroach is moderately wounded.
The giant cockroach bites you but does no damage.
You block the giant cockroach's attack.
You barely miss the giant cockroach.
The giant cockroach is moderately wounded.
The giant cockroach bites you but does no damage.
You slash the giant cockroach!
You kill the giant cockroach!
The orc priest begins to cast a cantrip, but forgets the words!
You cannot move.
You cannot move.
You cannot move.
You hit the orc priest.
The orc priest is moderately wounded.
The orc priest hits you but does no damage.
The orc priest invokes the aid of Beogh against you.
Beogh smites you!
You die...

# .# ########..#
#.....♣o..#
#.######.#.... #)# .# #
#.# # #†# #####
#######.#########⌠#⌠###
.......[.....##≈§§≈≈≈§##
#######......#⌠≈.§§..≈⌠#
######.##≈..§..≈##


You could see an orc priest.

Vanquished Creatures
  An orc wizard (D:3)
  A worm (D:3)
  3 dart slugs
  3 orcs (D:3)
  3 bats
  3 endoplasms
  5 giant cockroaches
  4 goblins (D:2)
  3 hobgoblins
  5 jackals
  3 kobolds
  5 quokkas
  9 ball pythons
  A frilled lizard (D:2)
  4 rats
53 creatures vanquished.

Vanquished Creatures (others)
  3 fungi (D:3)
  5 plants (D:3)
8 creatures vanquished.

Grand Total: 61 creatures vanquished

Notes
Turn   | Place    | Note
-------+----------+-------------------------------------------
     0 | D:1      | kae the Hill Orc Fighter began the quest for the Orb.
     0 | D:1      | Reached XP level 1. HP: 19/19 MP: 1/1
    58 | D:1      | Reached skill level 3 in Axes
   172 | D:1      | Reached XP level 2. HP: 26/27 MP: 2/2
   620 | D:1      | Reached skill level 4 in Axes
   650 | D:1      | Found Sunosm's Book Shop.
   738 | D:1      | You fall into a shaft and drop 1 floor!
   781 | D:2      | Reached XP level 3. HP: 33/33 MP: 3/3
  1493 | D:2      | Reached XP level 4. HP: 40/41 MP: 4/4
  1663 | D:2      | Identified a scroll of acquirement
  1663 | D:2      | Acquired 1269 gold pieces
  1762 | D:3      | Reached skill level 5 in Axes
  1844 | D:3      | Found a bloodstained altar of Trog.
  1888 | D:3      | HP: 1/61 [orc priest/divine providence (8)]
  1893 | D:3      | Killed from afar by an orc priest

Illustrated notes

Levels and vault maps discovered:
D:1:      minmay_arrival_pointy, layout_loops_ring, serial_shops,
          nicolae_shop_statue_plus
D:2:      minmay_skewed_foursquare, layout_loops_ring
D:3:      layout_loops_ring, lightli_temple_of_fire, amcnicky_altar_gilded,
          serial_shops, shop_statue,
          dreamdust_ecumenical_altar_hidden_monk_grotto

Skill      XL: |  1  2  3  4 |
---------------+-------------+-----
Axes           | 3 4 5 |  5.3
Fighting       | 4 |  4.6
Armour         | |  3.2
Shields        | |  3.2

Action                   |  1- 3 |  4- 6 || total
-------------------------+-------+-------++-------
Melee: War axe           |   111 |    29 ||   140
  Use: Scroll            |       |     7 ||     7
       Potion            |       |     1 ||     1
Armor: Scale mail        |    44 |     7 ||    51
       Skin              |       |     8 ||     8
Dodge: Dodged            |    55 |     4 ||    59
Block: Buckler           |    26 |     8 ||    34

Table legend: (Time is in decaauts)
 A = Elapsed time spent in this place.
 B = Non-inter-level travel time spent in this place.
 C = Inter-level travel time spent in this place.
 D = Time resting spent in this place.
 E = Time spent auto-exploring this place.
 F = Levels seen in this place.
 G = Mean time per level.
                   A        B        C        D        E       F      G
               +--------+--------+--------+--------+--------+-----+--------+
         Total |   1938 |   1904 |     34 |      0 |   1559 |   3 |  646.0 |
       Dungeon |   1938 |   1904 |     34 |      0 |   1559 |   3 |  646.0 |
               +--------+--------+--------+--------+--------+-----+--------+

Top non-repeatable levels by time:
     D:2: 988 daAuts
     D:1: 754 daAuts
     D:3: 195 daAuts
